Recon is Key

Match 31015523
End
Panzergrenadier Squad
Selects Italian Infantry
Kradschützen Motorcycle Team
250 Light Carrier
Panzergrenadier Squad
Construct Light Support Kompanie
Fire Support Elements
Veteran Squad Leaders
Selects Guastatori Squad
Guastatori Squad
Pak 38 Mechanized Group
2.5-tonne Medical Truck
MG34 Team
Selects L6/40 Light Tank Combat Group
Construct Panzerarmee Kommand
Selects Towed Cannone da 105/28 Field Howitzer
Towed Cannone da 105/28 Field Howitzer
Selects Sound the Alarm
Panzer III L Medium Tank
Combat Half-tracks
Panzer III L Medium Tank
Selects Prepared Positions
Selects Obice 305mm Barrage
Panzer III L Medium Tank
Obice 305mm Barrage
Panzerpioneer Squad
Panzer III L Medium Tank
Obice 305mm Barrage
Vehicle Survival Package
Emergency Repair Kits
Tungsten Core Ammunition
Obice 305mm Barrage
Panzer III L Medium Tank
Towed Cannone da 105/28 Field Howitzer
Panzer III L Medium Tank
Panzer III L Medium Tank
Obice 305mm Barrage
VonManteuffel
Heartless Jäger
Drink||Scotch
▼△BlueSkid™△▼
0
0

Comments sign in to comment!

Heartless Jäger [U] 10 months ago

In this game you will see the strength of Flares together with the Cannone.

In the early game it was a battle for the Center just back and forth but with a nice Flank from the DAK the Center fell under Axis Control.

The Allies managed to regain the Center with mortars and a Forward healingstation and the sides were contested by Gustatoris and a M8 Greyhound but with the arrivel of the Cannone the Axis managed to push the Allies away from the Center but the Allies made a Great counterattack with Planes, Inf.,AT-Guns and 3 Crusaders with that push it was all just out of Control Planes crashing down due to the Flak and Wirbelwind P3 and Crusaders going up in Flames a real disaster for both sides. After that push both sides had to lick their wounds waiting for their Forces to be Ready again. This times the Axis charged in but with proper recon the Axis isolated the AT-Guns and not only killed the Crew but also stole them. Now the Axis wanted to finish the Allies off but with the Arrivel of multiple Grants it was far from over and F Company still has not run out of Man.

Who will come out in the battle for Torrente?